 Dungeon Crawl Stone Soup version 0.28.0-45-g0d030f2227 (webtiles) character file.

Game seed: 2386420257504573578

1717 raph the Basher (level 8, -5/55 HPs)
             Began as a Minotaur Gladiator on May 15, 2022.
             Was a Priest of Hepliaklqana.
             Slain by an orc warrior
             ... wielding a +0 war axe
              (25 damage)
             ... in a bailey.
             The game lasted 00:09:17 (6280 turns).

raph the Basher (Minotaur Gladiator)                Turns: 6280, Time: 00:09:17

Health: -5/55      AC:  5    Str: 19    XL:     8   Next: 74%
Magic:  7/7        EV: 12    Int:  7    God:    Hepliaklqana [***...]
Gold:   95         SH:  0    Dex: 14    Spells: 7/7 levels left

rFire   . . .      SeeInvis .   a - +1 flail (drain)
rCold   . . .      Faith    .   (no shield)
rNeg    . . .      Spirit   .   e - +0 leather armour of Birdsong {Int+2}
rPois   .          Reflect  .   c - +0 hat
rElec   .          Harm     .   r - +1 cloak
rCorr   +          Rampage  .   (no gloves)
Will    .....                   (no boots)
Stlth   +.........              p - amulet of magic regeneration
HPRegen 0.18/turn               h - ring of resist corrosion
MPRegen 0.50/turn               q - ring of wizardry

@: mighty
A: reduced essence, horns 2, retaliatory headbutt
a: Renounce Religion, Recall Ancestor, Ancestor Identity, Transference


You were in a bailey.
You worshipped Hepliaklqana.
Hepliaklqana was most pleased with you.
You visited 1 branch of the dungeon, and saw 7 of its levels.
You also visited: Bailey.

You collected 221 gold pieces.
You spent 126 gold pieces at shops.

Inventory:

Hand Weapons
 a - a +1 flail of draining (weapon)
Missiles
 d - 2 throwing nets
 i - a curare-tipped dart (quivered)
Armour
 b - a +0 leather armour
 c - a +0 hat (worn)
 e - the +0 leather armour of Birdsong (worn) {Int+2}
   (You found it on level 2 of the Dungeon)

   Int:       It affects your intelligence (+2).
 f - a +0 tower shield
 r - a +1 cloak (worn)
Jewellery
 h - a ring of resist corrosion (left hand)
 p - an amulet of magic regeneration (around neck)
 q - a ring of wizardry (right hand)
 v - a +4 ring of protection
Wands
 u - a wand of mindburst (26)
Scrolls
 s - 2 scrolls of fear
 t - a scroll of blinking
 x - a scroll of identify
Potions
 g - a potion of heal wounds
 j - 2 potions of magic
 k - a potion of berserk rage
 m - a potion of mutation {unknown}
 n - a potion of degeneration {unknown}
 o - 2 potions of curing
 w - 2 potions of flight


   Skills:
 - Level 2.4 Fighting
 + Level 13.7 Maces & Flails
 - Level 2.0 Throwing
 - Level 3.2 Dodging


You had 7 spell levels left.
You didn't know any spells.
Your spell library contained the following spells:

 Spells                   Type           Power      Damage    Failure   Level
 Sting                    Tmut/Pois      0%         1d3       22%         1
 Ensorcelled Hibernation  Hex/Ice        0%         N/A       32%         2
 Poisonous Vapours        Pois/Air       0%         N/A       32%         2
 Dazzling Flash           Conj/Hex       0%         N/A       52%         3
 Gell's Gravitas          Tloc           0%         N/A       52%         3
 Lesser Beckoning         Tloc           0%         N/A       52%         3
 Spider Form              Tmut/Pois      0%         N/A       52%         3
 Teleport Other           Tloc           0%         N/A       52%         3
 Anguish                  Hex/Necr       0%         N/A       89%         4
 Animate Armour           Summ/Erth      0%         N/A       89%         4
 Iskenderun's Mystic Bla  Conj/Tloc      0%         2d3       89%         4
 Olgreb's Toxic Radiance  Pois           0%         N/A       89%         4
 Blade Hands              Tmut           0%         N/A       99%         5
 Iron Shot                Conj/Erth      0%         9d1       100%        6
 Starburst                Conj/Fire      0%         6d3       100%        6


Dungeon Overview and Level Annotations

Branches:
Dungeon (7/15)             Temple (0/1) D:6          Bailey (1/1)

Altars:
Hepliaklqana
Yredelemnul

Shops:
D:4 *   D:5 *


Innate Abilities, Weirdness & Mutations

Your life essence is reduced to manifest your ancestor. (-10% HP)
You have a pair of horns on your head.
You reflexively headbutt those who attack you in melee.


Message History

The kobold is poisoned.
The kobold convulses.
You kill the kobold!
An orc knight comes into view. It is wielding a +0 war axe.
A kobold comes into view.
The kobold throws a boomerang.
The boomerang hits you.
An orc warrior comes into view. It is wielding a +0 war axe.
The kobold throws a boomerang.
The boomerang completely misses you.
The orc knight roars a battlecry!
The orc warrior goes into a battle-frenzy!
The kobold throws a boomerang.
The boomerang hits you.
You hit the kobold.
You kill the kobold!
The kobold throws a boomerang.
The boomerang hits Centenhua.
The goblin hits you but does no damage.
Centenhua casts a spell at the goblin.
The stone arrow hits the goblin!!
The goblin dies!
You see here 2 boomerangs.
The orc knight barely misses you.
Things that are here:
a +0 hand axe; a +0 leather armour; a goblin corpse You closely miss the orc knight.
The kobold throws a boomerang.
The boomerang barely misses you.
You hit the orc knight but do no damage.
You drain the orc knight. You headbutt the orc knight.
The orc knight is lightly wounded.
The orc knight hits you with a +0 war axe!!
The orc knight hits Centenhua with a +0 war axe!
You sock the orc knight! Your headbutt misses the orc knight.
The orc knight is moderately wounded.
Centenhua hits the orc knight but does no damage.
The orc knight hits you with a +0 war axe.
The orc knight hits Centenhua with a +0 war axe.
You feel very mighty all of a sudden.
Centenhua gestures at the orc knight while chanting.
The stone arrow hits the orc knight!
The orc knight barely misses you.
The orc knight hits Centenhua with a +0 war axe!
The orc warrior hits you with a +0 war axe!!
You die...

#...... ##.. #.....##
....###......## #+#
#..#.....≈≈≈≈≈ #
#.......####(≈≈K≈≈≈≈≈≈
≈K#...!.o.#∩≈≈≈≈≈≈≈....#
≈≈#########≈≈≈≈≈Ro....#
≈≈≈≈≈≈≈≈≈≈≈≈≈≈..@o...#
#≈≈≈≈≈≈≈≈.....(...###
#.............####
#..∩......####
##.......### ##.....####
##...#### #...## ....##


You could see the friendly Centenhua the battlemage, an orc knight (drained,
ally target), an orc warrior (strong) and a kobold.

Vanquished Creatures
  An ogre (D:7)
  A kobold brigand (D:7)
  A bullfrog (D:7)
  2 scorpions
  A bullfrog skeleton (D:5)
  Crazy Yiuf (D:6)
  2 centaur skeletons
  An orc priest (D:3)
  A hound (D:6)
  An iguana (D:4)
  Jessica (D:2)
  A howler monkey skeleton (D:6)
  4 gnolls
  A white imp (D:5)
  An ufetubus (D:6)
  2 worms (D:3)
  A dart slug (D:2)
  10 orcs
  2 endoplasms (D:2)
  A giant cockroach (D:1)
  4 goblins
  2 hobgoblins
  13 kobolds
  4 quokkas
  5 ball pythons
  5 bats
  2 frilled lizards (D:3)
  4 rats
75 creatures vanquished.

Vanquished Creatures (collateral kills)
  The ghost of Seraphu the Geomancer, a novice GrEE of Gozag (D:6)
  A water moccasin (D:5)
  Duvessa (D:6)
  An ogre (D:3)
  A phantom (D:4)
  A gnoll sergeant (D:6)
  Dowan (D:6)
  A centaur skeleton (D:3)
  An iguana (D:6)
  4 gnolls
  2 adders
  An adder skeleton (D:4)
  A dart slug (D:4)
  4 orcs
  4 bats (D:3)
  2 giant cockroaches
  A hobgoblin (D:2)
  A quokka (D:5)
  2 ball pythons
  A frilled lizard (D:2)
  A goblin (Bailey)
  2 kobolds (D:7)
35 creatures vanquished.

Vanquished Creatures (others)
  An ancestor (D:2)
1 creature vanquished.

Grand Total: 111 creatures vanquished

Notes
Turn   | Place    | Note
-------+----------+-------------------------------------------
     0 | D:1      | raph the Minotaur Gladiator began the quest for the Orb.
     0 | D:1      | Reached XP level 1. HP: 18/18 MP: 0/0
   227 | D:1      | Reached skill level 4 in Maces & Flails
   417 | D:1      | Found a faded altar of an unknown god.
   421 | D:1      | Reached XP level 2. HP: 22/25 MP: 1/1
   422 | D:1      | Prayed at the altar of an unknown god.
   422 | D:1      | Became a worshipper of Hepliaklqana the Forgotten
   422 | D:1      | Reached * piety under Hepliaklqana
   829 | D:2      | Identified the +0 leather armour of Birdsong {Int+2}
  1197 | D:2      | Reached skill level 5 in Maces & Flails
  1382 | D:2      | Noticed Jessica
  1387 | D:2      | Killed Jessica
  1388 | D:2      | Reached XP level 3. HP: 23/27 MP: 2/2
  1612 | D:2      | Reached ** piety under Hepliaklqana
  1613 | D:2      | Remembered your ancestor Centenhua as a battlemage
  1670 | D:2      | Reached skill level 6 in Maces & Flails
  1670 | D:2      | Reached XP level 4. HP: 25/33 MP: 3/3
  2144 | D:3      | Reached skill level 7 in Maces & Flails
  2144 | D:3      | Reached XP level 5. HP: 34/37 MP: 4/4
  2193 | D:3      | Noticed an ogre
  2208 | D:3      | Killed an ogre
  2209 | D:3      | Reached skill level 8 in Maces & Flails
  2209 | D:3      | Reached XP level 6. HP: 27/45 MP: 5/5
  2415 | D:3      | Found a basalt altar of Yredelemnul.
  3396 | D:4      | Found Yjegaiph's Neck Hole.
  3403 | D:4      | Bought a +1 cloak for 126 gold pieces
  3483 | D:4      | Reached skill level 9 in Maces & Flails
  3566 | D:4      | Reached *** piety under Hepliaklqana
  3826 | D:5      | Entered Level 5 of the Dungeon
  3939 | D:5      | Found Kukke's Fire Supplies.
  4086 | D:5      | Reached XP level 7. HP: 47/50 MP: 6/6
  4337 | D:5      | Reached skill level 10 in Maces & Flails
  4804 | D:6      | Noticed Duvessa
  4804 | D:6      | Noticed Dowan
  4813 | D:6      | Killed Duvessa
  4814 | D:6      | Reached skill level 11 in Maces & Flails
  4820 | D:6      | Killed Dowan
  4917 | D:6      | Found a staircase to the Ecumenical Temple.
  5178 | D:6      | Found a runed translucent door.
  5179 | D:6      | Noticed Crazy Yiuf
  5261 | D:6      | Reached XP level 8. HP: 51/55 MP: 7/7
  5313 | D:6      | Found a runed translucent door.
  5314 | D:6      | Noticed Seraphu's ghost (novice GrEE)
  5332 | D:6      | Killed Seraphu's ghost
  5333 | D:6      | Reached skill level 13 in Maces & Flails
  5719 | D:6      | Killed Crazy Yiuf
  6231 | D:7      | Found a flagged portal.
  6240 | Bailey   | Entered a bailey
  6268 | Bailey   | Noticed an orc knight
  6280 | Bailey   | Slain by an orc warrior

Illustrated notes

Levels and vault maps discovered:
D:1:      matt_arrival_los_fun, layout_basic, ebering_ecumenical_altar_rust
D:2:      layout_rooms, uniq_jessica
D:3:      layout_basic, nicolae_overflow_hidden_temple
D:4:      layout_basic, nicolae_shop_sticking_my_neck_out
D:5:      layout_cave_pools, nicolae_shop_fire_sale [nicolae_sub_dead_trees]
D:6:      layout_loops_ring, minmay_temple_entry_tees, gammafunk_ghost_grave,
          uniq_duvessa, uniq_crazy_yiuf_cottage
D:7:      layout_basic, enter_bailey_2
Bailey:   bailey_axe_4, bailey

Skill      XL: |  1  2  3  4  5  6  7  8 |
---------------+-------------------------+-----
Maces & Flails | 4 5 6 7 8 9 11 13 | 13.7
Fighting       | |  2.4
Throwing       | |  2.0
Dodging        | |  3.2

Action                   |  1- 3 |  4- 6 |  7- 9 || total
-------------------------+-------+-------+-------++-------
Melee: Flail             |    51 |    77 |    64 ||   192
       Headbutt          |     8 |    14 |    10 ||    32
       Punch             |     1 |     3 |     3 ||     7
Throw: Dart              |       |     2 |     7 ||     9
       Throwing net      |       |     1 |       ||     1
Invok: Ancestor Life: Ba |     1 |       |       ||     1
  Use: Scroll            |     2 |     8 |     6 ||    16
       Potion            |       |       |     1 ||     1
 Stab: Sleeping          |       |     1 |       ||     1
Armor: Leather armour    |    12 |    28 |    16 ||    56
Dodge: Dodged            |    46 |    58 |    33 ||   137
